Nordiques vs Blackhawks
Created - March 19, 2018 at 21:18
Goals
|
| Nordiques |
2 |
1 |
3 |
6 |
| Blackhawks |
0 |
1 |
1 |
2 |
|
Shots
|
| Nordiques |
8 |
7 |
13 |
28 |
| Blackhawks |
18 |
9 |
11 |
38 |
|
1st period
1. Nordiques , Vladimir Tarasenko 27 (Tim Connolly 57) at 6:30
2. Nordiques , Tim Connolly 21 (Vladimir Tarasenko 27, Marek Svatos 38) at 19:51 (PP)
Penalties :
Daniel Briere (Que) for Slashing (Minor) at 4:10, Jean-Pierre Dumont (Que) for Holding (Minor) at 10:26, Mark Eaton (Que) for Holding (Minor) at 17:31, Chad Larose (Chi) for Hooking (Minor) at 19:01
2nd period
3. Blackhawks , Jarome Iginla 22 (Antoine Roussel 39, Denis Grebeshkov 14) at 9:51 (PP)
4. Nordiques , Matt Moulson 15 (Paul Gaustad 9) at 14:47
Penalties :
Antoine Roussel (Chi) for Hooking (Minor) at 0:03, Tim Connolly (Que) for Hooking (Minor) at 3:41, Bruno Gervais (Que) for High sticking (Double Minor) at 7:51, Daniel Briere (Que) for Checking from behind (Minor) at 15:09
3rd period
5. Nordiques , Marek Svatos 26 (Daniel Briere 53, Ryan Ellis 39) at 3:08 (PP)
6. Nordiques , Marek Svatos 27 (Ryan Ellis 40, Daniel Briere 54) at 11:51
7. Nordiques , Marek Svatos 28 (Daniel Briere 55) at 16:21 (PP)
8. Blackhawks , Peter Regin 16 (Tomas Fleischmann 20) at 17:40
Penalties :
Joni Pitkanen (Chi) for Charging (Minor) at 2:56, Dustin Byfuglien (Que) for Tripping (Minor) at 6:46, Jarome Iginla (Chi) for Hooking (Minor) at 13:27, Denis Grebeshkov (Chi) for Slashing (Minor) at 16:17, Jarome Iginla (Chi) for Fighting (Major) at 17:41, Marek Svatos (Que) for Fighting (Major) at 17:41, Jarome Iginla (Chi) for instigated a fight (Minor) at 17:41, Jarome Iginla (Chi) for instigated a fight (10 Minutes Misconduct) at 17:41
Goalie Stats
Jonathan Quick (Que), 36 saves from 38 shots - (0.947), W, 28-18-7, 60:00 minutes
Al Montoya (Chi), 12 saves from 16 shots - (0.750), L, 1-1-1, 43:08 minutes
Jimmy Howard (Chi), 10 saves from 12 shots - (0.833), 16:52 minutes
Players Stats for Nordiques
Player Name G A P +/- PIM S H SB GA TA FO MP PP MP PK MP
------------------------------------------------------------------------------------
Bruno Gervais 0 0 0 2 4 0 0 0 0 0 0/0 7:56 0:55 0:00
Daniel Briere 0 3 3 0 4 3 0 1 0 1 12/26 21:53 3:21 4:56
Dustin Byfuglien 0 0 0 0 2 1 1 1 0 2 0/0 26:38 3:02 4:41
Fedor Tyutin 0 0 0 0 0 2 1 1 1 3 0/0 25:07 4:21 7:50
Jean-Pierre Dumont 0 0 0 1 2 1 1 0 0 0 0/0 10:23 1:07 0:00
Kyle Calder 0 0 0 1 0 1 2 0 1 1 0/0 15:57 2:47 1:59
Marek Svatos 3 1 4 0 5 8 1 1 0 0 4/15 23:54 2:27 7:29
Mark Eaton 0 0 0 0 2 0 0 0 0 0 0/0 19:14 1:27 4:57
Matt Moulson 1 0 1 1 0 2 1 0 1 1 0/1 9:55 0:08 0:30
Michael Ryder 0 0 0 0 0 0 1 0 0 0 0/0 6:00 0:01 0:00
Nikolai Kulemin 0 0 0 0 0 0 2 0 0 0 0/0 5:57 0:00 0:00
Paul Gaustad 0 1 1 1 0 1 2 0 1 0 4/8 13:32 0:36 3:36
R.J. Umberger 0 0 0 0 0 2 1 2 0 0 1/4 16:28 3:30 0:00
Rich Peverley 0 0 0 0 0 1 1 0 0 0 0/2 6:36 0:00 0:30
Ryan Ellis 0 2 2 0 0 2 2 1 2 0 0/0 30:52 3:32 7:53
T.J. Fast 0 0 0 2 0 0 1 2 0 1 0/0 10:48 0:00 1:29
Tim Connolly 1 1 2 1 2 2 2 1 0 1 8/13 16:52 2:37 3:30
Vladimir Tarasenko 1 1 2 1 0 2 3 0 0 0 0/0 17:56 2:59 4:20
Players Stats for Blackhawks
Player Name G A P +/- PIM S H SB GA TA FO MP PP MP PK MP
------------------------------------------------------------------------------------
Antoine Roussel 0 1 1 -2 2 5 2 0 0 0 2/3 21:22 7:40 0:00
Chad Larose 0 0 0 0 2 2 2 1 1 0 1/3 16:02 5:44 0:00
Denis Grebeshkov 0 1 1 -1 2 1 5 2 1 1 0/0 20:14 5:53 2:38
Derick Brassard 0 0 0 -2 0 2 1 0 2 0 28/42 25:16 7:22 3:42
Jaden Schwartz 0 0 0 0 0 2 2 0 1 0 0/0 8:52 0:00 2:17
Jarome Iginla 1 0 1 -2 19 8 1 2 0 0 0/1 23:19 7:19 1:37
Joni Pitkanen 0 0 0 1 2 2 1 2 2 0 0/0 29:57 7:32 3:44
Kevin Marshall 0 0 0 -2 0 0 0 2 1 0 0/0 9:47 0:00 0:12
Kyle Brodziak 0 0 0 0 0 0 0 0 0 0 1/2 7:51 0:00 1:03
Ladislav Smid 0 0 0 -1 0 1 1 0 0 4 0/0 20:15 5:53 2:38
Mike Green 0 0 0 1 0 5 1 4 0 0 0/0 30:10 7:32 3:56
Peter Regin 1 0 1 0 0 4 0 0 0 0 5/14 16:33 5:45 0:33
Ryan Johansen 0 0 0 0 0 1 0 0 0 0 2/3 11:20 0:00 2:34
Spencer Machacek 0 0 0 0 0 1 1 1 0 0 0/0 6:35 0:00 0:00
Taylor Pyatt 0 0 0 0 0 0 0 0 1 0 0/0 10:42 0:21 1:22
Tomas Fleischmann 0 1 1 0 0 1 1 0 0 0 1/1 16:00 5:45 0:00
Tomas Kaberle 0 0 0 -2 0 0 0 0 1 0 0/0 9:35 0:00 0:00
Tyler Kennedy 0 0 0 0 0 3 0 0 0 1 0/0 9:01 0:18 0:00
3 Stars
1 - Marek Svatos (Que)
2 - Vladimir Tarasenko (Que)
3 - Jonathan Quick (Que)
Power Play
Nordiques - 3 on 6 Attempt(s) - 50.00%
Blackhawks - 1 on 8 Attempt(s) - 12.50%
Penalty Kill
Nordiques - 7 on 8 Attempt(s) - 87.50%
- Score 0 goal in Penalty Kill
Blackhawks - 3 on 6 Attempt(s) - 50.00%
- Score 0 goal in Penalty Kill
Team Stat
Nordiques - Hits : 22 - Faceoff Wins : 29 - Blocked Shots : 10 - Penalty Minutes : 21
Blackhawks - Hits : 18 - Faceoff Wins : 40 - Blocked Shots : 14 - Penalty Minutes : 27
Official
Referees : Kimmerly Greg and VanMassenhoven Don
Linesman : Greg Devorski and Derek Amell
Game Notes
Jimmy Howard enters game at 3:08 of 3rd period
Bruno Gervais is injured at 5:50 of 3rd period (Broken Left Foot Toe)
Marek Svatos has scored a Hat Trick!
Jarome Iginla and Marek Svatos fight to a draw at 17:41 of 3rd period
Finance
Level 1 -- Attendance: 4448 (74.13%) -- Ticket Income $435,904
Level 2 -- Attendance: 3458 (69.16%) -- Ticket Income $217,854
Level 3 -- Attendance: 1356 (67.80%) -- Ticket Income $56,952
Level 4 -- Attendance: 2907 (72.68%) -- Ticket Income $90,117
Luxury Box -- Attendance: 733 (73.30%) -- Ticket Income $130,474
Game was played at the Rexall Place.
Total Attendance: 12902 (71.68%)
Total Ticket Income: $931,301
Other Income: $139,695
Total Income: $1,070,996
Nordiques
5 vs 5 Forward
Center Left Wing Right Wing Time % Phy DF OF
1 Daniel Briere R.J. Umberger Marek Svatos 40 1 1 3
2 Tim Connolly Kyle Calder Vladimir Tarasenko 30 1 1 3
3 Paul Gaustad Matt Moulson Jean-Pierre Dumont 20 1 1 3
4 Rich Peverley Nikolai Kulemin Michael Ryder 10 1 1 3
5 vs 5 Defense
Defense Defense Time % Phy DF OF
1 Dustin Byfuglien Ryan Ellis 40 1 3 1
2 Fedor Tyutin Mark Eaton 30 1 3 1
3 T.J. Fast Bruno Gervais 20 1 3 1
4 Dustin Byfuglien Ryan Ellis 10 1 3 1
PowerPlay Forward
Center Left Wing Right Wing Time % Phy DF OF
1 Daniel Briere R.J. Umberger Marek Svatos 60 0 0 5
2 Tim Connolly Kyle Calder Vladimir Tarasenko 40 0 0 5
PowerPlay Defense
Defense Defense Time % Phy DF OF
1 Fedor Tyutin Ryan Ellis 60 0 2 3
2 Dustin Byfuglien Bruno Gervais 40 0 2 3
Penalty Kill 4 Players Forward
Center Wing Time % Phy DF OF
1 Marek Svatos Daniel Briere 60 1 4 0
2 Tim Connolly Vladimir Tarasenko 40 1 4 0
Penalty Kill 4 Players Defense
Defense Defense Time % Phy DF OF
1 Fedor Tyutin Ryan Ellis 60 2 3 0
2 Dustin Byfuglien Mark Eaton 40 2 3 0
Penalty Kill - 3 Players Forward
Forward Time % Phy DF OF
1 Marek Svatos 60 0 5 0
2 Daniel Briere 40 0 5 0
Penalty Kill - 3 Players Defense
Defense Defense Time % Phy DF OF
1 Fedor Tyutin Ryan Ellis 60 1 4 0
2 Dustin Byfuglien Mark Eaton 40 1 4 0
4 vs 4 Forward
Center Wing Time % Phy DF OF
1 Marek Svatos Daniel Briere 60 1 1 3
2 Tim Connolly Vladimir Tarasenko 40 1 1 3
4 vs 4 Defense
Defense Defense Time % Phy DF OF
1 Fedor Tyutin Ryan Ellis 60 1 3 1
2 Dustin Byfuglien Mark Eaton 40 1 3 1
Last Minutes Offensive
Center Left Wing Right Wing Defense Defense
Daniel Briere R.J. Umberger Marek Svatos Fedor Tyutin Ryan Ellis
Last Minutes Defensive
Center Left Wing Right Wing Defense Defense
Daniel Briere R.J. Umberger Marek Svatos Mark Eaton T.J. Fast
Goaltenders
Starting : Jonathan Quick
Backup : Julien Ellis
Extra Forwards
Normal : Daniel Briere, Vladimir Tarasenko, Marek Svatos - PP : Daniel Briere, Vladimir Tarasenko - PK : Paul Gaustad
Extra Defensemen
Normal : Ryan Ellis, Fedor Tyutin, Dustin Byfuglien - PP : Ryan Ellis - PK : Mark Eaton, T.J. Fast
Penalty Shots
Marek Svatos, Daniel Briere, Tim Connolly, Vladimir Tarasenko, R.J. Umberger
Scratches
Matt Gilroy (Healthy)
Blackhawks
5 vs 5 Forward
Center Left Wing Right Wing Time % Phy DF OF
1 Derick Brassard Antoine Roussel Jarome Iginla 40 1 2 2
2 Peter Regin Tomas Fleischmann Chad Larose 30 1 2 2
3 Ryan Johansen Taylor Pyatt Tyler Kennedy 20 1 2 2
4 Kyle Brodziak Jaden Schwartz Spencer Machacek 10 1 2 2
5 vs 5 Defense
Defense Defense Time % Phy DF OF
1 Mike Green Joni Pitkanen 40 1 2 2
2 Denis Grebeshkov Ladislav Smid 30 1 2 2
3 Tomas Kaberle Kevin Marshall 20 1 2 2
4 Mike Green Joni Pitkanen 10 1 2 2
PowerPlay Forward
Center Left Wing Right Wing Time % Phy DF OF
1 Derick Brassard Antoine Roussel Jarome Iginla 60 1 2 2
2 Peter Regin Tomas Fleischmann Chad Larose 40 1 2 2
PowerPlay Defense
Defense Defense Time % Phy DF OF
1 Mike Green Joni Pitkanen 60 1 2 2
2 Denis Grebeshkov Ladislav Smid 40 1 2 2
Penalty Kill 4 Players Forward
Center Wing Time % Phy DF OF
1 Derick Brassard Jarome Iginla 60 1 2 2
2 Antoine Roussel Peter Regin 40 1 2 2
Penalty Kill 4 Players Defense
Defense Defense Time % Phy DF OF
1 Mike Green Joni Pitkanen 60 1 2 2
2 Denis Grebeshkov Ladislav Smid 40 1 2 2
Penalty Kill - 3 Players Forward
Forward Time % Phy DF OF
1 Derick Brassard 60 1 2 2
2 Jarome Iginla 40 1 2 2
Penalty Kill - 3 Players Defense
Defense Defense Time % Phy DF OF
1 Mike Green Joni Pitkanen 60 1 2 2
2 Denis Grebeshkov Ladislav Smid 40 1 2 2
4 vs 4 Forward
Center Wing Time % Phy DF OF
1 Derick Brassard Jarome Iginla 60 1 2 2
2 Antoine Roussel Peter Regin 40 1 2 2
4 vs 4 Defense
Defense Defense Time % Phy DF OF
1 Mike Green Joni Pitkanen 60 1 2 2
2 Denis Grebeshkov Ladislav Smid 40 1 2 2
Last Minutes Offensive
Center Left Wing Right Wing Defense Defense
Derick Brassard Antoine Roussel Jarome Iginla Mike Green Joni Pitkanen
Last Minutes Defensive
Center Left Wing Right Wing Defense Defense
Derick Brassard Antoine Roussel Jarome Iginla Mike Green Joni Pitkanen
Goaltenders
Starting : Al Montoya
Backup : Jimmy Howard
Extra Forwards
Normal : Taylor Pyatt, Tyler Kennedy, Ryan Johansen - PP : Taylor Pyatt, Tyler Kennedy - PK : Ryan Johansen
Extra Defensemen
Normal : Tomas Kaberle, Kevin Marshall, Denis Grebeshkov - PP : Tomas Kaberle - PK : Kevin Marshall, Denis Grebeshkov
Penalty Shots
Derick Brassard, Jarome Iginla, Antoine Roussel, Peter Regin, Tomas Fleischmann
Scratches
None
% Time on Ice - Nordiques
Lines # - Real PCT - Wanted PCT - Time Play
Normal Forward
1 - 36% - 40% - 14:08
2 - 27% - 30% - 10:37
3 - 22% - 20% - 8:50
4 - 15% - 10% - 5:57
Normal Defense
1 - 43% - 40% - 17:05
2 - 32% - 30% - 12:46
3 - 23% - 20% - 8:56
4 - 2% - 10% - 0:45
PP Forward
1 - 60% - 60% - 3:57
2 - 40% - 40% - 2:37
PP Defense
1 - 53% - 60% - 3:29
2 - 47% - 40% - 3:05
PK Forward
1 - 68% - 60% - 9:05
2 - 32% - 40% - 4:20
PK Defense
1 - 57% - 60% - 7:41
2 - 43% - 40% - 5:44
PK3 Forward
1 - 0% - 60%
2 - 0% - 40%
PK3 Defense
1 - 0% - 60%
2 - 0% - 40%
44 Forward
1 - 100% - 60% - 0:29
2 - 0% - 40% - 0:00
44 Defense
1 - 100% - 60% - 0:29
2 - 0% - 40% - 0:00
Last Minute Offensive - 0:00
Last Minute Defensive - 0:00
Total
Forward - 60:00
Defense - 60:00
|
% Time on Ice - Blackhawks
Lines # - Real PCT - Wanted PCT - Time Play
Normal Forward
1 - 35% - 40% - 13:59
2 - 26% - 30% - 10:15
3 - 22% - 20% - 8:43
4 - 17% - 10% - 6:35
Normal Defense
1 - 44% - 40% - 17:20
2 - 30% - 30% - 11:44
3 - 24% - 20% - 9:35
4 - 2% - 10% - 0:53
PP Forward
1 - 57% - 60% - 7:40
2 - 43% - 40% - 5:45
PP Defense
1 - 56% - 60% - 7:32
2 - 44% - 40% - 5:53
PK Forward
1 - 92% - 60% - 6:01
2 - 8% - 40% - 0:33
PK Defense
1 - 60% - 60% - 3:56
2 - 40% - 40% - 2:38
PK3 Forward
1 - 0% - 60%
2 - 0% - 40%
PK3 Defense
1 - 0% - 60%
2 - 0% - 40%
44 Forward
1 - 100% - 60% - 0:29
2 - 0% - 40% - 0:00
44 Defense
1 - 100% - 60% - 0:29
2 - 0% - 40% - 0:00
Last Minute Offensive - 0:00
Last Minute Defensive - 0:00
Total
Forward - 60:00
Defense - 60:00
|
Play by Play
1st period
0:01 of 1st period - Derick Brassard wins face-off versus R.J. Umberger in neutral zone.
0:55 of 1st period - Snap shot by Ryan Johansen.
0:55 of 1st period - Shot Misses the Net.
1:42 of 1st period - Slapshot by Daniel Briere.
1:42 of 1st period - Shot Blocked by Mike Green.
1:58 of 1st period - Slapshot by Tomas Fleischmann.
1:58 of 1st period - Deflect By Peter Regin.
1:58 of 1st period - Shot Blocked by Tim Connolly.
1:58 of 1st period - Puck is out of play.
1:59 of 1st period - Peter Regin wins face-off versus Tim Connolly in Nordiques zone.
3:24 of 1st period - Snap shot by Tyler Kennedy.
3:24 of 1st period - Stopped by Jonathan Quick without a rebound.
3:25 of 1st period - Daniel Briere wins face-off versus Derick Brassard in Nordiques zone.
3:30 of 1st period - Slapshot by R.J. Umberger.
3:30 of 1st period - Stopped by Al Montoya with a rebound.
3:32 of 1st period - Backhand shot by Daniel Briere.
3:32 of 1st period - Stopped by Al Montoya without a rebound.
3:33 of 1st period - Daniel Briere wins face-off versus Derick Brassard in Blackhawks zone.
3:42 of 1st period - Wrist shot by Daniel Briere.
3:42 of 1st period - Deflect By R.J. Umberger.
3:42 of 1st period - Shot Misses the Net.
3:42 of 1st period - Puck is out of play.
3:43 of 1st period - Daniel Briere wins face-off versus Peter Regin in Blackhawks zone.
3:56 of 1st period - Slapshot by Mike Green.
3:56 of 1st period - Shot Misses the Net.
3:58 of 1st period - Snap shot by Chad Larose.
3:58 of 1st period - Shot Blocked by Ryan Ellis.
4:01 of 1st period - Icing by Marek Svatos.
4:02 of 1st period - Derick Brassard wins face-off versus Daniel Briere in Nordiques zone.
4:10 of 1st period - Minor Penalty to Daniel Briere for Slashing.
4:11 of 1st period - Derick Brassard wins face-off versus Marek Svatos in Nordiques zone.
4:11 of 1st period - Snap shot by Jarome Iginla.
4:11 of 1st period - Deflect By Antoine Roussel.
4:11 of 1st period - Stopped by Jonathan Quick without a rebound.
4:12 of 1st period - Derick Brassard wins face-off versus Marek Svatos in Nordiques zone.
4:25 of 1st period - Slapshot by Antoine Roussel.
4:25 of 1st period - Stopped by Jonathan Quick with a rebound.
4:27 of 1st period - Snap shot by Jarome Iginla.
4:27 of 1st period - Stopped by Jonathan Quick without a rebound.
4:28 of 1st period - Derick Brassard wins face-off versus Marek Svatos in Nordiques zone.
5:31 of 1st period - Off-side.
5:32 of 1st period - Tim Connolly wins face-off versus Chad Larose in neutral zone.
6:10 of 1st period - Penalty to Daniel Briere is over, Daniel Briere is back on ice.
6:22 of 1st period - Slapshot by Fedor Tyutin.
6:22 of 1st period - Shot Blocked by Kevin Marshall.
6:24 of 1st period - Slapshot by Fedor Tyutin.
6:24 of 1st period - Deflect By Michael Ryder.
6:24 of 1st period - Shot Blocked by Kevin Marshall.
6:24 of 1st period - Puck is out of play.
6:25 of 1st period - Tim Connolly wins face-off versus Peter Regin in Blackhawks zone.
6:30 of 1st period - Wrist shot by Vladimir Tarasenko.
6:30 of 1st period - Goal by Vladimir Tarasenko - Nordiques : 1 - Blackhawks : 0.
6:31 of 1st period - Daniel Briere wins face-off versus Derick Brassard in neutral zone.
6:31 of 1st period - Daniel Briere is hit by Jarome Iginla.
6:37 of 1st period - Slapshot by Marek Svatos.
6:37 of 1st period - Stopped by Al Montoya without a rebound.
6:38 of 1st period - Daniel Briere wins face-off versus Derick Brassard in Blackhawks zone.
6:53 of 1st period - Snap shot by R.J. Umberger.
6:53 of 1st period - Stopped by Al Montoya without a rebound.
6:54 of 1st period - Tim Connolly wins face-off versus Chad Larose in Blackhawks zone.
7:19 of 1st period - Snap shot by Ryan Johansen.
7:19 of 1st period - Shot Misses the Net.
7:21 of 1st period - Slapshot by Kevin Marshall.
7:21 of 1st period - Shot Misses the Net.
8:11 of 1st period - Snap shot by Peter Regin.
8:11 of 1st period - Shot Misses the Net.
8:13 of 1st period - Wrist shot by Peter Regin.
8:13 of 1st period - Deflect By Tomas Fleischmann.
8:13 of 1st period - Shot Blocked by Marek Svatos.
8:13 of 1st period - Puck is out of play.
8:14 of 1st period - Paul Gaustad wins face-off versus Ryan Johansen in Nordiques zone.
8:23 of 1st period - Snap shot by Mike Green.
8:23 of 1st period - Stopped by Jonathan Quick with a rebound.
8:25 of 1st period - Backhand shot by Joni Pitkanen.
8:25 of 1st period - Stopped by Jonathan Quick with a rebound.
8:27 of 1st period - Wrist shot by Tyler Kennedy.
8:27 of 1st period - Shot Misses the Net.
8:42 of 1st period - Off-side.
8:43 of 1st period - R.J. Umberger wins face-off versus Derick Brassard in neutral zone.
9:02 of 1st period - Snap shot by Marek Svatos.
9:02 of 1st period - Deflect By Daniel Briere.
9:02 of 1st period - Shot Misses the Net.
9:02 of 1st period - Puck is out of play.
9:03 of 1st period - Tim Connolly wins face-off versus Peter Regin in Blackhawks zone.
10:19 of 1st period - Snap shot by Antoine Roussel.
10:19 of 1st period - Stopped by Jonathan Quick with a rebound.
10:26 of 1st period - Minor Penalty to Jean-Pierre Dumont for Holding.
10:27 of 1st period - Marek Svatos wins face-off versus Derick Brassard in Nordiques zone.
10:35 of 1st period - Wrist shot by Marek Svatos.
10:35 of 1st period - Shot Blocked by Jarome Iginla.
10:57 of 1st period - Snap shot by Tomas Fleischmann.
10:57 of 1st period - Deflect By Peter Regin.
10:57 of 1st period - Shot Blocked by Fedor Tyutin.
10:57 of 1st period - Puck is out of play.
10:58 of 1st period - Marek Svatos wins face-off versus Peter Regin in Nordiques zone.
11:34 of 1st period - Snap shot by Jarome Iginla.
11:34 of 1st period - Stopped by Jonathan Quick with a rebound.
12:25 of 1st period - Icing by Ladislav Smid.
12:26 of 1st period - Penalty to Jean-Pierre Dumont is over, Jean-Pierre Dumont is back on ice.
12:26 of 1st period - Derick Brassard wins face-off versus Paul Gaustad in Blackhawks zone.
12:39 of 1st period - Snap shot by Matt Moulson.
12:39 of 1st period - Stopped by Al Montoya with a rebound.
13:14 of 1st period - Tomas Kaberle is hit by Nikolai Kulemin and loses puck.
13:33 of 1st period - Snap shot by Derick Brassard.
13:33 of 1st period - Stopped by Jonathan Quick without a rebound.
13:34 of 1st period - Paul Gaustad wins face-off versus Derick Brassard in Nordiques zone.
13:39 of 1st period - Wrist shot by Antoine Roussel.
13:39 of 1st period - Stopped by Jonathan Quick with a rebound.
14:04 of 1st period - Dustin Byfuglien is hit by Antoine Roussel.
14:10 of 1st period - Ryan Ellis is hit by Antoine Roussel and loses puck.
14:17 of 1st period - Snap shot by Antoine Roussel.
14:17 of 1st period - Stopped by Jonathan Quick with a rebound.
14:19 of 1st period - Slapshot by Mike Green.
14:19 of 1st period - Stopped by Jonathan Quick with a rebound.
14:25 of 1st period - Wrist shot by Jarome Iginla.
14:25 of 1st period - Shot Misses the Net.
14:33 of 1st period - Slapshot by Antoine Roussel.
14:33 of 1st period - Shot Misses the Net.
14:35 of 1st period - Slapshot by Antoine Roussel.
14:35 of 1st period - Shot Blocked by Dustin Byfuglien.
14:37 of 1st period - Wrist shot by Jarome Iginla.
14:37 of 1st period - Stopped by Jonathan Quick without a rebound.
14:38 of 1st period - Peter Regin wins face-off versus Daniel Briere in Nordiques zone.
14:45 of 1st period - Wrist shot by Peter Regin.
14:45 of 1st period - Stopped by Jonathan Quick without a rebound.
14:46 of 1st period - Peter Regin wins face-off versus Daniel Briere in Nordiques zone.
14:49 of 1st period - Wrist shot by Peter Regin.
14:49 of 1st period - Stopped by Jonathan Quick with a rebound.
15:23 of 1st period - Wrist shot by Marek Svatos.
15:23 of 1st period - Stopped by Al Montoya with a rebound.
15:55 of 1st period - Slapshot by Joni Pitkanen.
15:55 of 1st period - Shot Misses the Net.
15:57 of 1st period - Snap shot by Tomas Fleischmann.
15:57 of 1st period - Shot Misses the Net.
15:59 of 1st period - Slapshot by Mike Green.
15:59 of 1st period - Deflect By Marek Svatos.
15:59 of 1st period - Stopped by Jonathan Quick without a rebound.
16:00 of 1st period - Tim Connolly wins face-off versus Jarome Iginla in Nordiques zone.
16:07 of 1st period - Antoine Roussel is hit by Tim Connolly and loses puck.
16:26 of 1st period - Dustin Byfuglien is hit by Spencer Machacek and loses puck.
16:33 of 1st period - Snap shot by Jaden Schwartz.
16:33 of 1st period - Shot Misses the Net.
16:43 of 1st period - Tomas Kaberle is hit by Dustin Byfuglien.
16:56 of 1st period - Off-side.
16:57 of 1st period - Derick Brassard wins face-off versus Paul Gaustad in neutral zone.
17:14 of 1st period - Slapshot by Jarome Iginla.
17:14 of 1st period - Stopped by Jonathan Quick without a rebound.
17:15 of 1st period - Ryan Johansen wins face-off versus Rich Peverley in Nordiques zone.
17:31 of 1st period - Minor Penalty to Mark Eaton for Holding.
17:32 of 1st period - Marek Svatos wins face-off versus Derick Brassard in Nordiques zone.
17:59 of 1st period - Icing by Joni Pitkanen.
18:00 of 1st period - Peter Regin wins face-off versus Tim Connolly in Blackhawks zone.
18:13 of 1st period - Wrist shot by Peter Regin.
18:13 of 1st period - Shot Misses the Net.
18:15 of 1st period - Slapshot by Peter Regin.
18:15 of 1st period - Shot Misses the Net.
19:01 of 1st period - Minor Penalty to Chad Larose for Hooking.
19:02 of 1st period - Derick Brassard wins face-off versus Marek Svatos in Blackhawks zone.
19:15 of 1st period - Snap shot by Jarome Iginla.
19:15 of 1st period - Stopped by Jonathan Quick without a rebound.
19:16 of 1st period - Derick Brassard wins face-off versus Marek Svatos in Nordiques zone.
19:31 of 1st period - Penalty to Mark Eaton is over, Mark Eaton is back on ice.
19:51 of 1st period - Wrist shot by Tim Connolly.
19:51 of 1st period - Goal by Tim Connolly - Nordiques : 2 - Blackhawks : 0.
19:52 of 1st period - Daniel Briere wins face-off versus Peter Regin in neutral zone.
19:57 of 1st period - Slapshot by Marek Svatos.
19:57 of 1st period - Shot Blocked by Mike Green.
19:59 of 1st period - Slapshot by Ryan Ellis.
19:59 of 1st period - Shot Hit the Post.
Goals for this period are 2 for Nordiques vs 0 for Blackhawks.
Shots for this period are 8 for Nordiques vs 18 for Blackhawks.
2nd period
0:01 of 2nd period - Derick Brassard wins face-off versus Daniel Briere in neutral zone.
0:03 of 2nd period - Minor Penalty to Antoine Roussel for Hooking.
0:04 of 2nd period - Marek Svatos wins face-off versus Derick Brassard in Blackhawks zone.
0:30 of 2nd period - Jarome Iginla is hit by Kyle Calder and loses puck.
0:35 of 2nd period - Snap shot by Vladimir Tarasenko.
0:35 of 2nd period - Deflect By Tim Connolly.
0:35 of 2nd period - Stopped by Al Montoya with a rebound.
0:37 of 2nd period - Wrist shot by Kyle Calder.
0:37 of 2nd period - Shot Misses the Net.
1:23 of 2nd period - Fedor Tyutin is hit by Jaden Schwartz and loses puck.
2:03 of 2nd period - Penalty to Antoine Roussel is over, Antoine Roussel is back on ice.
3:22 of 2nd period - Mike Green is hit by Marek Svatos and loses puck.
3:41 of 2nd period - Minor Penalty to Tim Connolly for Hooking.
3:42 of 2nd period - Daniel Briere wins face-off versus Peter Regin in Nordiques zone.
4:35 of 2nd period - Taylor Pyatt is hit by Vladimir Tarasenko and loses puck.
4:42 of 2nd period - Paul Gaustad is hit by Joni Pitkanen and loses puck.
5:41 of 2nd period - Penalty to Tim Connolly is over, Tim Connolly is back on ice.
5:53 of 2nd period - Ryan Johansen is hit by Michael Ryder and loses puck.
6:14 of 2nd period - Wrist shot by Spencer Machacek.
6:14 of 2nd period - Deflect By Jaden Schwartz.
6:14 of 2nd period - Stopped by Jonathan Quick without a rebound.
6:15 of 2nd period - Kyle Brodziak wins face-off versus Tim Connolly in Nordiques zone.
6:28 of 2nd period - Snap shot by Ryan Ellis.
6:28 of 2nd period - Shot Blocked by Mike Green.
6:30 of 2nd period - Slapshot by Bruno Gervais.
6:30 of 2nd period - Shot Misses the Net.
6:42 of 2nd period - Wrist shot by Marek Svatos.
6:42 of 2nd period - Stopped by Al Montoya without a rebound.
6:43 of 2nd period - Ryan Johansen wins face-off versus Marek Svatos in Blackhawks zone.
6:54 of 2nd period - Snap shot by Marek Svatos.
6:54 of 2nd period - Shot Misses the Net.
7:02 of 2nd period - Ryan Ellis is hit by Ladislav Smid and loses puck.
7:19 of 2nd period - Snap shot by Taylor Pyatt.
7:19 of 2nd period - Shot Misses the Net.
7:21 of 2nd period - Slapshot by Mike Green.
7:21 of 2nd period - Shot Misses the Net.
7:23 of 2nd period - Snap shot by Tyler Kennedy.
7:23 of 2nd period - Stopped by Jonathan Quick with a rebound.
7:25 of 2nd period - Snap shot by Joni Pitkanen.
7:25 of 2nd period - Shot Misses the Net.
7:27 of 2nd period - Slapshot by Joni Pitkanen.
7:27 of 2nd period - Stopped by Jonathan Quick without a rebound.
7:28 of 2nd period - Derick Brassard wins face-off versus Tim Connolly in Nordiques zone.
7:51 of 2nd period - Double Minor Penalty to Bruno Gervais for High sticking.
7:52 of 2nd period - Derick Brassard wins face-off versus Marek Svatos in Nordiques zone.
8:57 of 2nd period - Dustin Byfuglien is hit by Denis Grebeshkov and loses puck.
9:41 of 2nd period - Icing by Antoine Roussel.
9:42 of 2nd period - Derick Brassard wins face-off versus Paul Gaustad in Blackhawks zone.
9:51 of 2nd period - Wrist shot by Antoine Roussel.
9:51 of 2nd period - Deflect By Jarome Iginla.
9:51 of 2nd period - Goal by Jarome Iginla - Nordiques : 2 - Blackhawks : 1.
9:52 of 2nd period - Peter Regin wins face-off versus R.J. Umberger in neutral zone.
10:01 of 2nd period - Slapshot by Joni Pitkanen.
10:01 of 2nd period - Shot Misses the Net.
10:03 of 2nd period - Snap shot by Peter Regin.
10:03 of 2nd period - Stopped by Jonathan Quick without a rebound.
10:04 of 2nd period - Derick Brassard wins face-off versus Daniel Briere in Nordiques zone.
10:11 of 2nd period - Wrist shot by Jarome Iginla.
10:11 of 2nd period - Shot Misses the Net.
10:13 of 2nd period - Snap shot by Mike Green.
10:13 of 2nd period - Shot Blocked by R.J. Umberger.
10:15 of 2nd period - Slapshot by Jarome Iginla.
10:15 of 2nd period - Stopped by Jonathan Quick with a rebound.
10:33 of 2nd period - Mike Green is hit by Vladimir Tarasenko.
10:57 of 2nd period - Kyle Brodziak is hit by Jean-Pierre Dumont and loses puck.
11:12 of 2nd period - Mike Green is hit by Rich Peverley and loses puck.
11:51 of 2nd period - Slapshot by Jaden Schwartz.
11:51 of 2nd period - Shot Blocked by T.J. Fast.
11:53 of 2nd period - Wrist shot by Joni Pitkanen.
11:53 of 2nd period - Shot Blocked by T.J. Fast.
11:55 of 2nd period - Slapshot by Mike Green.
11:55 of 2nd period - Stopped by Jonathan Quick with a rebound.
12:11 of 2nd period - Wrist shot by Jaden Schwartz.
12:11 of 2nd period - Stopped by Jonathan Quick without a rebound.
12:12 of 2nd period - Derick Brassard wins face-off versus Daniel Briere in Nordiques zone.
12:29 of 2nd period - Snap shot by Jarome Iginla.
12:29 of 2nd period - Shot Hit the Post.
12:39 of 2nd period - Denis Grebeshkov is hit by Ryan Ellis and loses puck.
12:50 of 2nd period - Wrist shot by Matt Moulson.
12:50 of 2nd period - Shot Blocked by Denis Grebeshkov.
13:59 of 2nd period - Wrist shot by Jean-Pierre Dumont.
13:59 of 2nd period - Stopped by Al Montoya with a rebound.
14:01 of 2nd period - Snap shot by Matt Moulson.
14:01 of 2nd period - Shot Misses the Net.
14:03 of 2nd period - Snap shot by Paul Gaustad.
14:03 of 2nd period - Stopped by Al Montoya without a rebound.
14:04 of 2nd period - Antoine Roussel wins face-off versus Paul Gaustad in Blackhawks zone.
14:11 of 2nd period - Paul Gaustad is hit by Denis Grebeshkov and loses puck.
14:26 of 2nd period - Wrist shot by Matt Moulson.
14:26 of 2nd period - Shot Blocked by Joni Pitkanen.
14:47 of 2nd period - Wrist shot by Matt Moulson.
14:47 of 2nd period - Goal by Matt Moulson - Nordiques : 3 - Blackhawks : 1.
14:48 of 2nd period - Daniel Briere wins face-off versus Peter Regin in neutral zone.
14:51 of 2nd period - Slapshot by Ryan Ellis.
14:51 of 2nd period - Stopped by Al Montoya with a rebound.
15:09 of 2nd period - Minor Penalty to Daniel Briere for Checking from behind.
15:10 of 2nd period - Derick Brassard wins face-off versus Marek Svatos in Nordiques zone.
15:13 of 2nd period - Snap shot by Jarome Iginla.
15:13 of 2nd period - Stopped by Jonathan Quick with a rebound.
15:15 of 2nd period - Slapshot by Mike Green.
15:15 of 2nd period - Shot Misses the Net.
15:41 of 2nd period - Kyle Calder is hit by Chad Larose and loses puck.
16:32 of 2nd period - Slapshot by Ryan Ellis.
16:32 of 2nd period - Shot Blocked by Denis Grebeshkov.
16:34 of 2nd period - Snap shot by Rich Peverley.
16:34 of 2nd period - Stopped by Al Montoya without a rebound.
16:35 of 2nd period - Chad Larose wins face-off versus Matt Moulson in Blackhawks zone.
16:48 of 2nd period - Mike Green is hit by Paul Gaustad.
17:09 of 2nd period - Penalty to Daniel Briere is over, Daniel Briere is back on ice.
18:35 of 2nd period - Ryan Ellis is hit by Denis Grebeshkov and loses puck.
19:09 of 2nd period - Wrist shot by Tim Connolly.
19:09 of 2nd period - Shot Blocked by Chad Larose.
19:29 of 2nd period - Snap shot by Daniel Briere.
19:29 of 2nd period - Shot Misses the Net.
19:31 of 2nd period - Snap shot by Daniel Briere.
19:31 of 2nd period - Deflect By R.J. Umberger.
19:31 of 2nd period - Shot Misses the Net.
19:31 of 2nd period - Puck is out of play.
19:32 of 2nd period - Tim Connolly wins face-off versus Derick Brassard in Blackhawks zone.
19:57 of 2nd period - Snap shot by Paul Gaustad.
19:57 of 2nd period - Shot Hit the Post.
Goals for this period are 1 for Nordiques vs 1 for Blackhawks.
Shots for this period are 7 for Nordiques vs 9 for Blackhawks.
3rd period
0:01 of 3rd period - Daniel Briere wins face-off versus Derick Brassard in neutral zone.
0:26 of 3rd period - Peter Regin is hit by Kyle Calder and loses puck.
0:53 of 3rd period - Denis Grebeshkov is hit by Paul Gaustad and loses puck.
1:34 of 3rd period - Slapshot by Mike Green.
1:34 of 3rd period - Shot Blocked by Daniel Briere.
2:56 of 3rd period - Minor Penalty to Joni Pitkanen for Charging.
2:57 of 3rd period - Derick Brassard wins face-off versus Daniel Briere in Blackhawks zone.
3:08 of 3rd period - Snap shot by Marek Svatos.
3:08 of 3rd period - Goal by Marek Svatos - Nordiques : 4 - Blackhawks : 1.
3:08 of 3rd period - Jimmy Howard enters game.
3:09 of 3rd period - Derick Brassard wins face-off versus Marek Svatos in neutral zone.
3:11 of 3rd period - Off-side.
3:12 of 3rd period - Derick Brassard wins face-off versus Daniel Briere in neutral zone.
3:22 of 3rd period - Wrist shot by Marek Svatos.
3:22 of 3rd period - Shot Blocked by Jarome Iginla.
3:24 of 3rd period - Slapshot by Marek Svatos.
3:24 of 3rd period - Stopped by Jimmy Howard with a rebound.
3:26 of 3rd period - Slapshot by Ryan Ellis.
3:26 of 3rd period - Deflect By Daniel Briere.
3:26 of 3rd period - Stopped by Jimmy Howard with a rebound.
3:40 of 3rd period - Slapshot by Mike Green.
3:40 of 3rd period - Stopped by Jonathan Quick without a rebound.
3:41 of 3rd period - Tim Connolly wins face-off versus Peter Regin in Nordiques zone.
3:41 of 3rd period - Tim Connolly is hit by Chad Larose.
3:47 of 3rd period - Vladimir Tarasenko is hit by Tomas Fleischmann and loses puck.
5:09 of 3rd period - Snap shot by Vladimir Tarasenko.
5:09 of 3rd period - Stopped by Jimmy Howard with a rebound.
5:49 of 3rd period - Bruno Gervais is hit by Jaden Schwartz and loses puck.
5:50 of 3rd period - Bruno Gervais from Nordiques is injured at 5:50 of 3rd period (Broken Left Foot Toe).
5:51 of 3rd period - Derick Brassard wins face-off versus R.J. Umberger in Nordiques zone.
6:00 of 3rd period - Snap shot by Derick Brassard.
6:00 of 3rd period - Shot Hit the Post.
6:06 of 3rd period - Snap shot by Derick Brassard.
6:06 of 3rd period - Stopped by Jonathan Quick without a rebound.
6:07 of 3rd period - Tim Connolly wins face-off versus Peter Regin in Nordiques zone.
6:20 of 3rd period - Backhand shot by Kyle Calder.
6:20 of 3rd period - Stopped by Jimmy Howard with a rebound.
6:22 of 3rd period - Slapshot by Tim Connolly.
6:22 of 3rd period - Deflect By Kyle Calder.
6:22 of 3rd period - Shot Misses the Net.
6:22 of 3rd period - Puck is out of play.
6:23 of 3rd period - Derick Brassard wins face-off versus Daniel Briere in Blackhawks zone.
6:46 of 3rd period - Minor Penalty to Dustin Byfuglien for Tripping.
6:47 of 3rd period - Derick Brassard wins face-off versus Marek Svatos in Nordiques zone.
7:38 of 3rd period - T.J. Fast is hit by Derick Brassard and loses puck.
8:43 of 3rd period - Mark Eaton is hit by Denis Grebeshkov and loses puck.
8:46 of 3rd period - Penalty to Dustin Byfuglien is over, Dustin Byfuglien is back on ice.
9:14 of 3rd period - Wrist shot by Dustin Byfuglien.
9:14 of 3rd period - Stopped by Jimmy Howard without a rebound.
9:15 of 3rd period - Paul Gaustad wins face-off versus Kyle Brodziak in Blackhawks zone.
9:30 of 3rd period - Jaden Schwartz is hit by Matt Moulson and loses puck.
9:56 of 3rd period - Slapshot by Spencer Machacek.
9:56 of 3rd period - Stopped by Jonathan Quick without a rebound.
9:57 of 3rd period - Derick Brassard wins face-off versus Tim Connolly in Nordiques zone.
10:10 of 3rd period - Kevin Marshall is hit by Fedor Tyutin and loses puck.
10:36 of 3rd period - Tomas Fleischmann is hit by T.J. Fast and loses puck.
10:56 of 3rd period - Slapshot by Tyler Kennedy.
10:56 of 3rd period - Stopped by Jonathan Quick with a rebound.
11:34 of 3rd period - Paul Gaustad is hit by Mike Green and loses puck.
11:41 of 3rd period - Wrist shot by Fedor Tyutin.
11:41 of 3rd period - Stopped by Jimmy Howard with a rebound.
11:43 of 3rd period - Slapshot by Mark Eaton.
11:43 of 3rd period - Shot Blocked by Joni Pitkanen.
11:45 of 3rd period - Slapshot by Jean-Pierre Dumont.
11:45 of 3rd period - Shot Blocked by Mike Green.
11:47 of 3rd period - Slapshot by Fedor Tyutin.
11:47 of 3rd period - Stopped by Jimmy Howard without a rebound.
11:48 of 3rd period - Daniel Briere wins face-off versus Antoine Roussel in Blackhawks zone.
11:51 of 3rd period - Snap shot by Marek Svatos.
11:51 of 3rd period - Goal by Marek Svatos - Nordiques : 5 - Blackhawks : 1.
11:52 of 3rd period - Derick Brassard wins face-off versus Daniel Briere in neutral zone.
11:57 of 3rd period - Snap shot by Ladislav Smid.
11:57 of 3rd period - Shot Misses the Net.
11:59 of 3rd period - Wrist shot by Denis Grebeshkov.
11:59 of 3rd period - Stopped by Jonathan Quick with a rebound.
12:01 of 3rd period - Slapshot by Antoine Roussel.
12:01 of 3rd period - Shot Misses the Net.
12:03 of 3rd period - Wrist shot by Derick Brassard.
12:03 of 3rd period - Shot Hit the Post.
12:19 of 3rd period - Tim Connolly is hit by Denis Grebeshkov and loses puck.
12:44 of 3rd period - Slapshot by Ryan Ellis.
12:44 of 3rd period - Stopped by Jimmy Howard with a rebound.
12:48 of 3rd period - Snap shot by Jean-Pierre Dumont.
12:48 of 3rd period - Shot Misses the Net.
12:50 of 3rd period - Wrist shot by Jean-Pierre Dumont.
12:50 of 3rd period - Shot Blocked by Spencer Machacek.
13:24 of 3rd period - Slapshot by Marek Svatos.
13:24 of 3rd period - Stopped by Jimmy Howard without a rebound.
13:25 of 3rd period - Derick Brassard wins face-off versus Daniel Briere in Blackhawks zone.
13:27 of 3rd period - Minor Penalty to Jarome Iginla for Hooking.
13:28 of 3rd period - Derick Brassard wins face-off versus Marek Svatos in Blackhawks zone.
14:02 of 3rd period - Jaden Schwartz is hit by Tim Connolly and loses puck.
15:27 of 3rd period - Penalty to Jarome Iginla is over, Jarome Iginla is back on ice.
15:39 of 3rd period - Wrist shot by Jean-Pierre Dumont.
15:39 of 3rd period - Deflect By Matt Moulson.
15:39 of 3rd period - Deflect By Taylor Pyatt.
15:39 of 3rd period - Shot Misses the Net.
15:39 of 3rd period - Puck is out of play.
15:40 of 3rd period - Tomas Fleischmann wins face-off versus Rich Peverley in Blackhawks zone.
15:51 of 3rd period - Wrist shot by Chad Larose.
15:51 of 3rd period - Stopped by Jonathan Quick with a rebound.
15:53 of 3rd period - Snap shot by Tomas Fleischmann.
15:53 of 3rd period - Stopped by Jonathan Quick with a rebound.
15:55 of 3rd period - Slapshot by Chad Larose.
15:55 of 3rd period - Stopped by Jonathan Quick without a rebound.
15:56 of 3rd period - Antoine Roussel wins face-off versus Daniel Briere in Nordiques zone.
16:11 of 3rd period - Slapshot by Daniel Briere.
16:11 of 3rd period - Stopped by Jimmy Howard with a rebound.
16:17 of 3rd period - Minor Penalty to Denis Grebeshkov for Slashing.
16:18 of 3rd period - Daniel Briere wins face-off versus Derick Brassard in Blackhawks zone.
16:21 of 3rd period - Slapshot by Marek Svatos.
16:21 of 3rd period - Goal by Marek Svatos - Nordiques : 6 - Blackhawks : 1.
16:22 of 3rd period - Daniel Briere wins face-off versus Derick Brassard in neutral zone.
16:29 of 3rd period - Antoine Roussel is hit by R.J. Umberger and loses puck.
16:48 of 3rd period - Peter Regin is hit by Ryan Ellis and loses puck.
17:07 of 3rd period - Snap shot by Tyler Kennedy.
17:07 of 3rd period - Shot Misses the Net.
17:09 of 3rd period - Slapshot by Ladislav Smid.
17:09 of 3rd period - Stopped by Jonathan Quick without a rebound.
17:10 of 3rd period - Paul Gaustad wins face-off versus Derick Brassard in Nordiques zone.
17:40 of 3rd period - Wrist shot by Peter Regin.
17:40 of 3rd period - Goal by Peter Regin - Nordiques : 6 - Blackhawks : 2.
17:41 of 3rd period - Derick Brassard wins face-off versus Daniel Briere in neutral zone.
17:41 of 3rd period - Jarome Iginla and Marek Svatos fight to a draw.
17:41 of 3rd period - Penalty to Jarome Iginla for Fighting.
17:41 of 3rd period - Penalty to Marek Svatos for Fighting.
17:41 of 3rd period - Penalty to Jarome Iginla for instigated a fight.
17:41 of 3rd period - Penalty to Jarome Iginla for instigated a fight.
17:42 of 3rd period - Derick Brassard wins face-off versus Daniel Briere in neutral zone.
17:51 of 3rd period - Slapshot by Ryan Johansen.
17:51 of 3rd period - Stopped by Jonathan Quick with a rebound.
17:53 of 3rd period - Slapshot by Derick Brassard.
17:53 of 3rd period - Shot Blocked by R.J. Umberger.
18:09 of 3rd period - Joni Pitkanen is hit by Vladimir Tarasenko.
19:41 of 3rd period - Penalty to Jarome Iginla is over, Chad Larose is send on ice.
19:59 of 3rd period - Chad Larose is hit by Nikolai Kulemin and loses puck.
Goals for this period are 3 for Nordiques vs 1 for Blackhawks.
Shots for this period are 13 for Nordiques vs 11 for Blackhawks.
Back to the Top